Map: Lerilak Crest

Players

LilDicky

  • Race: Zerg Zerg
  • League: Diamond

Virgilus - Winner!

  • Race: Zerg Zerg
  • League: Silver

VOD

http://www.twitch.tv/tumescentpie

Description

Time

  • Played on: Nov. 25, 2015, 12:37 p.m.
  • Length: 4:52
Show
View Real Time Build Order
Export as new Build Order

LilDicky Zerg 

Build Orders: Hatch First 

Get SALT Encoding   

  12  0:02  Drone  
  13  0:09  Drone  
  14  0:17  Drone, Extractor  
  15  0:23  Overlord  
  15  0:32  Extractor  
  15  0:33  Drone, Extractor  
  16  0:45  Drone  
  17  0:57  Hatchery  
  17  1:00  Drone  
  17  1:07  Drone x2  
  19  1:21  Spawning Pool  
  18  1:28  Drone x2  
  18  1:32  Extractor  
  19  1:48  Overlord  
  19  1:50  Drone  
  20  2:07  Queen  
  22  2:09  Queen  
  22  2:13  Drone x2  
  22  2:14  Drone  
  27  2:17  Spine Crawler  
  26  2:35  Spine Crawler  
  24  2:45  Zergling x4  
  26  2:55  Zergling x2  
  26  3:00  Zergling x2  
  23  3:11  Queen  
  24  3:24  Zergling x2  
  25  3:27  Extractor  
  25  3:28  Baneling Nest  
  25  3:29  Extractor  
  25  3:30  Zergling x2  
  25  3:31  Zergling x2  
  23  3:58  Spawning Pool  
  22  4:11  Drone  
  22  4:12  Drone x2  
  25  4:17  Baneling  
Show
View Real Time Build Order
Export as new Build Order

Virgilus Zerg - Winner!

Build Orders: Pool Only 

Get SALT Encoding   

  12  0:01  Drone  
  13  0:24  Spawning Pool  
  13  0:25  Extractor  
  11  0:29  Drone  
  11  0:34  Drone  
  13  0:39  Drone  
  14  0:49  Overlord  
  14  1:10  Queen  
  16  1:22  Zergling x4  
  16  1:23  Zergling x2  
  19  1:33  Metabolic Boost  
  19  1:42  Zergling x2  
  20  2:00  Spine Crawler  
  20  2:08  Zergling x6  
  21  2:54  Zergling x2  
  20  3:10  Zergling x2  
  21  3:13  Overlord  
  21  3:31  Zergling x2  
  21  3:42  Zergling x4  
  24  3:48  Zergling x6  
  24  3:49  Zergling x2  
  25  4:10  Zergling x4  
Tags
 
Add a new tag
Caveats
  • Supply blocks, unpowered buildings, or Contaminate may cause inaccurate times.
  • Supply counts are checked every 10 seconds.